 Dungeon Crawl Stone Soup version 0.24.0-13-gcf9b319 (webtiles) character file.

Game seed: 9253644121413804561, levelgen mode: deterministic

98 Fortress the Chucker (level 4, 0/45 HPs)
             Began as an Ogre Hunter on Jan 5, 2020.
             Slain by a worm (11 damage)
             ... on level 3 of the Dungeon.
             The game lasted 00:06:58 (1493 turns).

Fortress the Chucker (Ogre Hunter)                  Turns: 1493, Time: 00:07:01

Health: 0/45       AC:  4    Str: 17    XL:     4   Next: 71%
Magic:  4/4        EV: 10    Int: 12    God:
Gold:   98         SH:  0    Dex:  9    Spells: 3/3 levels left

rFire    . . .     SeeInvis .   a - +0 short sword
rCold    . . .     Gourm    .   (no shield)
rNeg     . . .     Faith    .   b - +1 robe
rPois    .         Spirit   .   (helmet restricted)
rElec    .         Reflect  .   (no cloak)
rCorr    .         Harm     .   (gloves unavailable)
MR       .....                  (boots unavailable)
Stlth    +.........             (no amulet)
HPRegen  0.15/turn              (no ring)
MPRegen  0.09/turn              (no ring)

@: lethally poisoned (0 -> -11)
A: large, unfitting armour, tough skin 1
a: no special abilities


You were on level 3 of the Dungeon.
You were not hungry.

You visited 1 branch of the dungeon, and saw 3 of its levels.

You collected 98 gold pieces.

Inventory:

Hand Weapons
 a - a +0 short sword (weapon)
Armour
 b - a +1 robe (worn)
Jewellery
 c - a cursed ring of teleportation {unknown}
Scrolls
 d - a scroll of identify {unknown}
 g - a scroll of enchant armour
 j - a scroll of magic mapping {unknown}
 k - a scroll of blinking {unknown}
 m - a scroll of teleportation {unknown}
Potions
 e - 2 potions of cancellation {unknown}
 h - a potion of heal wounds
 i - 2 potions of brilliance {unknown}
 l - 2 potions of degeneration {unknown}
 n - a potion of haste {unknown}
Comestibles
 f - 4 rations
 p - a chunk of flesh


   Skills:
 + Level 3.1 Fighting
 + Level 1.2 Short Blades
 + Level 5.4 Throwing
 - Level 2.0 Dodging
 - Level 0.6 Stealth


You had 3 spell levels left.
You didn't know any spells.
Your spell library was empty.

Dungeon Overview and Level Annotations

Branches:
Dungeon (3/15)

Altars:

Annotations:
D:2 Sigmund


Innate Abilities, Weirdness & Mutations

You are too large for most types of armour.
You have tough skin. (AC +1)


Message History

* * * LOW HITPOINT WARNING * * *
Firing (i - inventory) No suitable missiles.
Press: ? - help, Shift-Dir - straight line, f - orc
Aim: an orc, wielding a +0 club (lightly wounded)
Okay, then.
As you read the scroll labeled WULUXT GYAGHOK, it crumbles to dust.
It is a scroll of enchant armour.
Your +0 robe glows green for a moment.
The kobold throws a poisoned dart.
The poisoned dart hits you!
You are poisoned.
The orc hits you with a +0 club.
* * * LOW HITPOINT WARNING * * *
A frilled lizard comes into view.
The frilled lizard hisses angrily.
You hit the orc.
The orc is almost dead.
You feel sick.
The kobold throws a poisoned dart.
The poisoned dart hits you!
You are lethally poisoned!
The worm bites you!
You die...

#.. .. #..##
## ..####....
...
l........###..
.......o....
..........##
..........<#
...K..o..###
..##S)@.#
......w).#
.......###
.......
...###. ... ..
. .. #..


You could see a worm, an orc wizard, an adder, an orc, a kobold and a frilled
lizard.

Vanquished Creatures
  Jessica (D:2)
  An adder (D:2)
  2 worms (D:2)
  2 dart slugs (D:2)
  3 leopard geckos
  An orc (D:3)
  3 giant cockroaches (D:2)
  7 goblins
  3 hobgoblins
  9 kobolds
  A quokka (D:2)
  8 bats
  5 frilled lizards
  2 rats
48 creatures vanquished.

Notes
Turn   | Place    | Note
-------+----------+-------------------------------------------
     0 | D:1      | Fortress the Ogre Hunter began the quest for the Orb.
     0 | D:1      | Reached XP level 1. HP: 22/22 MP: 1/1
   173 | D:1      | Reached XP level 2. HP: 29/29 MP: 2/2
   667 | D:1      | Reached XP level 3. HP: 36/36 MP: 3/3
  1022 | D:2      | Reached skill level 5 in Throwing
  1290 | D:2      | Reached XP level 4. HP: 45/45 MP: 4/4
  1317 | D:2      | Noticed Jessica
  1322 | D:2      | Killed Jessica
  1322 | D:2      | Reached skill level 1 in Short Blades
  1463 | D:2      | Noticed Sigmund
  1493 | D:3      | Slain by a worm

Levels and vault maps discovered:
D:1:      minmay_arrival_jagged, layout_basic
D:2:      layout_rooms, uniq_sigmund, uniq_jessica, uniq_crazy_yiuf_cottage
D:3:      layout_basic, grunt_temple_overflow_open, uniq_ijyb

Skill      XL: |  1  2  3  4 |
---------------+-------------+-----
Dodging        | 2 |  2.0
Throwing       | 5 |  5.4
Fighting       | 3 |  3.1
Short Blades   | 1 |  1.2
Stealth        | |  0.6

Action                   |  1- 3 |  4- 6 || total
-------------------------+-------+-------++-------
Melee: Short sword       |    71 |    34 ||   105
Throw: Large rock        |    35 |    13 ||    48
       Throwing net      |     2 |       ||     2
  Use: Potion            |     1 |       ||     1
       Scroll            |       |     1 ||     1
 Stab: Held in net/web   |     2 |       ||     2
  Eat: Chunk             |     1 |     1 ||     2
Armor: Robe              |    20 |    10 ||    30
Dodge: Dodged            |    47 |    27 ||    74
